 Dungeon Crawl Stone Soup version 0.30.1-11-g7821555f0a (webtiles) character file.

Game seed: 3188344022480335155

522 ChrisAssaf the Shield-Bearer (level 7, -2/60 HPs)
             Began as a Gnoll Fighter on Nov 12, 2023.
             Slain by an ice beast (12 damage)
             ... on level 7 of the Dungeon.
             The game lasted 00:10:05 (2215 turns).

ChrisAssaf the Shield-Bearer (Gnoll Fighter)        Turns: 2215, Time: 00:10:06

Health: -2/60      AC:  7    Str: 15    XL:     7   Next: 22%
Magic:  10/10      EV:  9    Int:  9    God:
Gold:   98         SH:  5    Dex: 12    Spells: 6/10 levels left

rFire   . . .        a - +2 war axe (freeze)
rCold   . . .        c - +0 buckler
rNeg    . . .        b - +0 scale mail
rPois   .            (no helmet)
rElec   .            (no cloak)
rCorr   .            (no gloves)
SInv    .            (no boots)
Will    .....        (no amulet)
Stlth   +            (no ring)
HPRegen 0.30/turn    (no ring)
MPRegen 0.12/turn

%: no passive effects
@: no status effects
A: fangs 1, strong nose, distributed training
a: no special abilities


You were on level 7 of the Dungeon.
You visited 1 branch of the dungeon, and saw 7 of its levels.
You also visited: Sewer.

You collected 98 gold pieces.

Inventory:

Hand Weapons
 a - a +2 war axe of freezing (weapon)
Missiles
 r - 3 boomerangs (quivered)
Armour
 b - a +0 scale mail (worn)
 c - a +0 buckler (worn)
Wands
 e - a wand of flame (31)
Scrolls
 h - a scroll of amnesia
 k - a scroll of magic mapping
 q - a scroll of noise
Potions
 d - a potion of might
 g - a potion of lignification {unknown}
 i - a potion of berserk rage {unknown}
 j - a potion of brilliance {unknown}
 l - a potion of cancellation {unknown}
 m - a potion of ambrosia
 n - a potion of flight {unknown}


   Skills:
 + Level 7.0 Fighting
 + Level 2.4 Short Blades
 + Level 2.4 Long Blades
 + Level 5.2 Axes
 + Level 2.4 Maces & Flails
 + Level 2.4 Polearms
 + Level 2.4 Staves
 + Level 2.4 Ranged Weapons
 + Level 2.4 Throwing
 + Level 7.0 Armour
 + Level 2.4 Dodging
 + Level 2.4 Stealth
 + Level 7.0 Shields
 + Level 2.4 Unarmed Combat
 + Level 2.4 Spellcasting
 + Level 2.0 Conjurations
 + Level 2.0 Hexes
 + Level 2.0 Summonings
 + Level 2.0 Necromancy
 + Level 2.0 Translocations
 + Level 2.0 Transmutations
 + Level 2.0 Fire Magic
 + Level 2.0 Ice Magic
 + Level 2.0 Air Magic
 + Level 2.0 Earth Magic
 + Level 2.0 Poison Magic
 + Level 2.7 Invocations
 + Level 2.4 Evocations


You had 6 spell levels left.
You knew the following spells:

 Your Spells              Type           Power      Damage    Failure   Level
a - Kiss of Death         Conj/Necr      16%        2d6       52%         1
b - Frozen Ramparts       Ice            8%         1d2       87%         3

Your spell library contained the following spells:

 Spells                   Type           Power      Damage    Failure   Level
 Freeze                   Ice            16%        1d4       52%         1
 Slow                     Hex            16%        N/A       52%         1
 Confusing Touch          Hex            4%         N/A       87%         3
 Hailstorm                Conj/Ice       4%         3d4       87%         3
 Vampiric Draining        Necr           4%         2d6       87%         3
 Dispel Undead            Necr           4%         3d7       99%         4
 Simulacrum               Ice/Necr       2%         N/A       100%        6
 Ozocubu's Refrigeration  Ice            2%         4d7       100%        7
 Polar Vortex             Ice            2%         N/A       100%        9


Dungeon Overview and Level Annotations

Branches:
Dungeon (7/15)             Temple (0/1) D:7           Sewer (visited)

Altars:
Ashenzari
Elyvilon
Fedhas
Kikubaaqudgha
Trog


Innate Abilities, Weirdness & Mutations

You have very sharp teeth.
Your uncanny sense of smell can sniff out nearby items.
Your experience applies equally to all skills.


Message History

An orc priest comes into view. It is wielding a +0 mace.
Something hits you. The gnoll misses you. Something hits you.
The gnoll attacks as you move away! The gnoll barely misses you.
You block something's attack.
An ice beast comes into view.
Something hits you. Something hits you. The gnoll attacks as you move away!
The gnoll hits you with a +0 whip.
* * * LOW HITPOINT WARNING * * *
Something hits you but does no damage. The ice beast closely misses you.
The gnoll sergeant hits you from afar with a +0 trident!
* * * LOW HITPOINT WARNING * * *
There is an open door, spattered with blood here.
You barely miss the ice beast. Your bite misses the ice beast.
You hit the gnoll. You freeze the gnoll. The gnoll closely misses you.
The gnoll sergeant hits you from afar with a +0 trident.
* * * LOW HITPOINT WARNING * * *
The ice beast hits you but does no damage.
Unknown command.
It was a potion of curing.
You feel better. Something hits you but does no damage. Something hits you.
* * * LOW HITPOINT WARNING * * *
The ice beast hits you but does no damage.
You block the gnoll's attack. You block the gnoll sergeant's attack.
Unknown command.
You feel better.
The sentinel's mark upon you fades away.
Something hits you.
* * * LOW HITPOINT WARNING * * *
The ice beast hits you but does no damage.
The gnoll hits you but does no damage. The gnoll sergeant barely misses you.
An orc comes into view. It is wielding a +0 flail.
An ice beast comes into view.
Aiming: Throw Flame
Press: ? - help, Shift-Dir - straight line, f - ice beast
Aim: an ice beast (71% to hit)
The puff of flame misses the ice beast.
The ice beast hits you.
* * * LOW HITPOINT WARNING * * *
The ice beast freezes you!
You die...

**....#.###o.,,,* **
**...#..o.,,,,,* ,*
**Y....#,,,,,,** ,*
#####o...#,,,,,,,* ,*
#....o..h#,,,*,,>* ,*
#...g.#....s#*,,,* **
#...sg#*....S,,,,*
#....f#######*,,,***
#....g@Y...#,,,,,,,*
#....g####.#**,,,*,* #.....#
#.# *,*,*,**** ####+## #.#
*,*,*,**,, *,* #*#.#
*,*,*,**,* *********,* #.#.#
*,*,*,**,* *,,,,,,,,,* #.#.#
*,*,*,**,*
*,******#####...###.#.#,,,,,
*,* *,.......<.......,**,*


You could see 2 ice beasts, a sleepcap, a gnoll sergeant, a scorpion, an orc
wizard, 3 gnolls and an orc.

Vanquished Creatures
  A phantom (D:5)
  2 bullfrogs (Sewer)
  2 hounds (D:5)
  A gnoll bouda (D:6)
  5 gnolls (D:6)
  10 adders
  An ufetubus (D:6)
  A worm (D:3)
  3 dart slugs
  An orc (D:6)
  8 bats
  7 endoplasms
  9 giant cockroaches
  2 goblins
  5 hobgoblins
  8 kobolds
  10 quokkas (Sewer)
  11 ball pythons
  7 frilled lizards
  A rat (D:3)
95 creatures vanquished.

Notes
Turn   | Place    | Note
-------+----------+-------------------------------------------
     0 | D:1      | ChrisAssaf the Gnoll Fighter began the quest for the Orb.
     0 | D:1      | Reached XP level 1. HP: 23/23 MP: 1/1
    79 | D:1      | Reached XP level 2. HP: 29/29 MP: 2/2
   326 | D:2      | Reached XP level 3. HP: 14/35 MP: 3/3
   329 | D:2      | Reached skill level 1 in Invocations
   435 | D:2      | Reached skill level 1 in Short Blades
   435 | D:2      | Reached skill level 1 in Long Blades
   435 | D:2      | Reached skill level 1 in Maces & Flails
   435 | D:2      | Reached skill level 1 in Polearms
   435 | D:2      | Reached skill level 1 in Staves
   435 | D:2      | Reached skill level 1 in Ranged Weapons
   435 | D:2      | Reached skill level 1 in Throwing
   435 | D:2      | Reached skill level 1 in Dodging
   435 | D:2      | Reached skill level 1 in Stealth
   435 | D:2      | Reached skill level 1 in Unarmed Combat
   435 | D:2      | Reached skill level 1 in Spellcasting
   435 | D:2      | Reached skill level 1 in Evocations
   448 | D:2      | Reached XP level 4. HP: 39/41 MP: 5/5
   770 | D:3      | Reached skill level 1 in Conjurations
   770 | D:3      | Reached skill level 1 in Hexes
   770 | D:3      | Reached skill level 1 in Summonings
   770 | D:3      | Reached skill level 1 in Necromancy
   770 | D:3      | Reached skill level 1 in Translocations
   770 | D:3      | Reached skill level 1 in Transmutations
   770 | D:3      | Reached skill level 1 in Fire Magic
   770 | D:3      | Reached skill level 1 in Ice Magic
   770 | D:3      | Reached skill level 1 in Air Magic
   770 | D:3      | Reached skill level 1 in Earth Magic
   770 | D:3      | Reached skill level 1 in Poison Magic
   903 | D:3      | Found a glowing drain.
   912 | Sewer    | Entered a sewer
  1071 | Sewer    | Reached XP level 5. HP: 44/47 MP: 7/7
  1212 | Sewer    | Reached skill level 5 in Axes
  1212 | Sewer    | Reached XP level 6. HP: 33/53 MP: 7/9
  1444 | D:3      | Found a white marble altar of Elyvilon.
  1454 | D:3      | Found an ancient bone altar of Kikubaaqudgha.
  1457 | D:3      | Found a blossoming altar of Fedhas.
  1460 | D:3      | Found a broken altar of Ashenzari.
  1521 | D:3      | Learned a level 1 spell: Kiss of Death
  1575 | D:3      | Found a bloodstained altar of Trog.
  1702 | D:5      | Entered Level 5 of the Dungeon
  1788 | D:6      | Learned a level 3 spell: Frozen Ramparts
  2113 | D:5      | Reached XP level 7. HP: 45/60 MP: 10/10
  2212 | D:7      | HP: 3/60 [gnoll sergeant/+0 trident (1)]
  2215 | D:7      | Slain by an ice beast

Illustrated notes

Levels and vault maps discovered:
D:1:      nicolae_arrival_washed_ashore, layout_basic, minmay_small_reverse_x
D:2:      layout_basic, minmay_tall_x
D:3:      layout_basic, trog_book, grunt_temple_overflow_cloverleaf,
          portal_sewer_entry_d, grunt_ministairs_15, nrook_mini_vaults,
          st_stairs_11, kennysheep_generic_room_4
D:4:      nicolae_cairo_tiling_large_dashed, layout_basic,
          yredelemnul_altar_generic, uniq_blork_the_orc
D:5:      layout_basic, minmay_small_thing, uniq_duvessa
D:6:      layout_gridville, kennysheep_crisscross, sigmund_edmund_badplayer
D:7:      hangedman_cross_stitches, layout_basic, lemuel_crystal_altar,
          okawaru_ov_weapons_minmay, minmay_temple_entry_arrows, enter_bailey_2,
          serial_shops, shop, chequers_mini_garden

Skill      XL: |  1  2  3  4  5  6  7 |
---------------+----------------------+-----
Invocations    | 1 2 |  2.7
Short Blades   | 1 2 |  2.4
Long Blades    | 1 2 |  2.4
Maces & Flails | 1 2 |  2.4
Polearms       | 1 2 |  2.4
Staves         | 1 2 |  2.4
Ranged Weapons | 1 2 |  2.4
Throwing       | 1 2 |  2.4
Dodging        | 1 2 |  2.4
Stealth        | 1 2 |  2.4
Unarmed Combat | 1 2 |  2.4
Spellcasting   | 1 2 |  2.4
Evocations     | 1 2 |  2.4
Conjurations   | 1 2 |  2.0
Hexes          | 1 2 |  2.0
Summonings     | 1 2 |  2.0
Necromancy     | 1 2 |  2.0
Translocations | 1 2 |  2.0
Transmutations | 1 2 |  2.0
Fire Magic     | 1 2 |  2.0
Ice Magic      | 1 2 |  2.0
Air Magic      | 1 2 |  2.0
Earth Magic    | 1 2 |  2.0
Poison Magic   | 1 2 |  2.0
Axes           | 5 |  5.2
Fighting       | 7 |  7.0
Armour         | 7 |  7.0
Shields        | 7 |  7.0

Action                     |  1- 3 |  4- 6 |  7- 9 || total
---------------------------+-------+-------+-------++-------
  Melee: War axe           |    55 |   198 |     8 ||   261
         Bite              |     5 |    18 |     2 ||    25
  Throw: Boomerang         |       |    13 |       ||    13
  Evoke: Wand              |       |       |     1 ||     1
    Use: Scroll            |     2 |     9 |     1 ||    12
         Potion            |       |     1 |     2 ||     3
 Armour: Scale mail        |    31 |   117 |    17 ||   165
  Dodge: Dodged            |    30 |   108 |     5 ||   143
  Block: Buckler           |    14 |    77 |     9 ||   100
